Map: [ESL] Hard Lead

Players

Clem - Winner!

  • Race: Terran Terran
  • Spawn Location: 5:00

Serral

  • Race: Zerg Zerg
  • Spawn Location: 11:00

Event: ESL SC2 Masters 2023 Winter (Finals)

VOD

Have the link to the VOD?

Description

Time

  • Played on: Dec. 17, 2023, 3:51 p.m.
  • Length: 13:44

All games in this series

Show
View Real Time Build Order
Export as new Build Order

Clem Terran - Winner!

Build Orders: Reaper Expand, Hellion Banshee 

Get SALT Encoding   

  12  0:00  SCV  
  13  0:12  SCV  
  14  0:16  Supply Depot  
  14  0:24  SCV  
  15  0:38  SCV  
  15  0:39  Barracks  
  16  0:43  Refinery  
  16  0:50  SCV  
  17  1:02  SCV  
  18  1:14  SCV  
  19  1:26  Orbital Command, Reaper  
  20  1:38  Command Center  
  20  1:47  Supply Depot  
  20  1:52  SCV  
  21  1:57  Marine  
  22  2:04  SCV  
  23  2:10  Factory  
  23  2:16  SCV  
  23  2:20  Barracks Reactor  
  24  2:28  SCV  
  25  2:37  Command Center  
  25  2:41  SCV  
  27  2:59  Starport  
  27  3:00  Orbital Command  
  27  3:01  SCV  
  27  3:07  Hellion  
  27  3:10  Hellion  
  31  3:15  SCV  
  31  3:18  Barracks Tech Lab  
  31  3:19  Refinery  
  32  3:27  SCV x2  
  33  3:30  Hellion  
  33  3:33  Hellion  
  38  3:39  SCV  
  38  3:40  SCV  
  40  3:44  Banshee  
  43  3:48  Marine  
  43  3:49  Orbital Command  
  43  3:54  SCV  
  43  3:55  SCV  
  46  3:57  Hellion  
  46  4:00  Hellion  
  50  4:03  Cloaking Field  
  50  4:08  SCV  
  50  4:09  SCV, Supply Depot  
  52  4:12  Barracks Tech Lab  
  52  4:15  SCV  
  53  4:20  SCV  
  53  4:21  SCV  
  56  4:24  Hellion  
  56  4:27  SCV  
  53  4:32  SCV  
  53  4:35  Banshee  
  53  4:38  SCV  
  54  4:41  SCV  
  54  4:45  SCV  
  55  4:48  Stimpack  
  55  4:50  SCV  
  56  4:53  SCV  
  56  4:56  Hellion x2  
  61  5:05  SCV x2  
  61  5:06  SCV  
  64  5:07  Supply Depot  
  64  5:10  Barracks  
  64  5:14  Barracks  
  64  5:17  SCV  
  64  5:19  SCV  
  64  5:21  SCV, Marine  
  68  5:29  SCV  
  68  5:30  Starport Reactor, Supply Depot  
  68  5:33  SCV  
  68  5:35  Factory Reactor  
  70  5:36  Refinery  
  70  5:39  SCV, Engineering Bay  
  70  5:40  Engineering Bay  
  70  5:41  SCV  
  72  5:43  Marine  
  72  5:45  SCV  
  74  5:51  Supply Depot  
  74  5:52  Orbital Command  
  74  5:53  SCV  
  74  5:56  Supply Depot, Refinery  
  75  5:57  SCV  
  75  6:01  Marine  
  75  6:03  Barracks  
  77  6:05  Barracks, SCV  
  77  6:09  SCV  
  77  6:12  Marine x2  
  77  6:15  Widow Mine x2  
  77  6:18  Marine, SCV  
  84  6:20  Starport Reactor, Supply Depot, Marine x2  
  84  6:23  SCV  
  88  6:25  SCV  
  88  6:27  Terran Infantry Weapons Level 1  
  88  6:30  Terran Infantry Armor Level 1, Reaper  
  88  6:31  SCV  
  91  6:34  Marine  
  91  6:36  Marine  
  91  6:37  SCV  
  91  6:39  SCV, Widow Mine  
  97  6:40  Marine  
  97  6:41  Marine  
  97  6:44  Supply Depot  
  97  6:45  Combat Shield  
  99  6:47  SCV  
  99  6:49  SCV  
  99  6:52  Marine  
  99  6:53  SCV  
  104  6:55  Barracks Reactor x2  
  104  6:59  SCV, Medivac x2  
  108  7:02  SCV  
  108  7:05  Armory  
  108  7:06  Hellion x2  
  113  7:08  Supply Depot  
  113  7:09  Supply Depot  
  113  7:11  Marine x2  
  113  7:14  SCV x2  
  113  7:15  SCV  
  109  7:20  Marine  
  109  7:21  Marine  
  106  7:26  SCV x2  
  106  7:27  Hellion x2  
  106  7:28  Supply Depot, SCV  
  113  7:32  Medivac  
  113  7:34  Medivac  
  117  7:37  Marine  
  117  7:38  SCV x2  
  117  7:40  SCV  
  117  7:43  Supply Depot  
  122  7:45  Marine x4  
  122  7:50  SCV x2  
  127  7:53  Refinery  
  127  7:54  Marine x2  
  127  7:55  Marine  
  127  7:56  Supply Depot  
  130  7:59  Marine  
  130  8:02  Medivac  
  130  8:04  Medivac, Widow Mine, Marine, SCV  
  139  8:06  Marine  
  139  8:07  Marine  
  139  8:09  Marine  
  139  8:10  SCV  
  133  8:15  Widow Mine, Marine  
  133  8:18  SCV  
  116  8:20  SCV  
  116  8:22  SCV, Marine x4  
  116  8:23  Marine  
  116  8:24  Marine  
  118  8:30  Factory, SCV  
  118  8:31  Terran Infantry Weapons Level 2  
  118  8:32  SCV  
  120  8:37  Terran Infantry Armor Level 2  
  120  8:38  SCV, Marine  
  121  8:43  Medivac  
  121  8:44  Widow Mine  
  121  8:45  Marine  
  121  8:48  Marine  
  122  8:49  Marine x3  
  122  8:51  Marine  
  122  8:52  Marine, SCV  
  122  8:54  Marine  
  128  8:57  Widow Mine  
  129  9:05  Medivac  
  129  9:06  Marine  
  128  9:11  Marine  
  128  9:12  Supply Depot  
  128  9:16  Widow Mine  
  128  9:17  Command Center  
  131  9:18  Marine  
  131  9:21  Medivac  
  134  9:25  Marine  
  134  9:29  Widow Mine  
  134  9:30  Marine  
  134  9:33  Terran Vehicle And Ship Armor Level 1  
  134  9:35  Medivac  
  134  9:37  Barracks, Factory Reactor  
  134  9:38  Barracks, Supply Depot  
  136  9:39  Factory Tech Lab, Concussive Shells  
  136  9:40  Marine  
  136  9:41  Barracks  
  136  9:43  Marine  
  136  9:44  Marine  
  136  9:45  Widow Mine  
  141  9:52  Sensor Tower  
  140  9:55  Medivac  
  140  9:57  Marine, Widow Mine  
  140  9:58  Marine  
  136  10:00  Marine  
  136  10:01  Marine x2  
  136  10:05  Marine  
  136  10:06  Widow Mine  
  136  10:07  Marine  
  133  10:08  Marine  
  133  10:10  Marine  
  133  10:11  SCV  
  133  10:14  Widow Mine  
  124  10:15  Marine x2  
  124  10:16  SCV  
  124  10:18  Marine, SCV  
  124  10:19  Medivac, Marine  
  120  10:23  SCV  
  120  10:24  Widow Mine, Drilling Claws  
  123  10:28  SCV  
  123  10:30  Barracks Tech Lab, SCV  
  123  10:31  Marine  
  123  10:34  Marine  
  127  10:36  SCV  
  127  10:37  Marine  
  127  10:38  Marine  
  127  10:40  SCV, Widow Mine  
  127  10:42  SCV  
  134  10:45  Widow Mine  
  134  10:48  SCV  
  137  10:52  Terran Infantry Weapons Level 3, SCV  
  137  10:53  Widow Mine  
  137  10:54  SCV  
  141  10:59  Barracks Tech Lab, Marine  
  141  11:00  Marauder  
  141  11:02  Widow Mine  
  141  11:03  Command Center  
  146  11:06  Widow Mine  
  146  11:08  Marauder  
  148  11:12  Marauder  
  148  11:14  Supply Depot  
  146  11:19  Widow Mine  
  146  11:22  Marine, Marauder  
  146  11:24  Liberator  
  146  11:25  Marine  
  155  11:29  Marine, Widow Mine  
  155  11:32  Marine x3, Marauder x2  
  163  11:34  Widow Mine  
  163  11:37  Marine  
  168  11:41  Widow Mine  
  163  11:48  Marine  
  163  11:50  Marine, Widow Mine  
  163  11:51  Marine x2  
  163  11:52  Marine  
  151  11:55  Marine x3  
  151  11:56  Widow Mine  
  151  12:00  Marine  
  151  12:01  Marauder x2  
  160  12:02  Widow Mine  
  160  12:04  Marauder  
  160  12:06  Refinery x2  
  160  12:07  Marine  
  159  12:12  Widow Mine  
  159  12:13  Marine x2  
  160  12:17  Widow Mine  
  162  12:23  Marauder  
  162  12:24  Widow Mine  
  162  12:28  Marine x2  
  168  12:30  Marauder  
  168  12:33  Marine, Widow Mine  
  168  12:34  Marine  
  172  12:39  Widow Mine  
  172  12:40  Marine x3  
  172  12:41  Marauder x2  
  168  12:50  SCV  
  169  12:52  SCV  
  169  12:54  Marauder  
  169  12:55  SCV  
  169  12:57  Marauder  
  174  13:00  Liberator  
  174  13:02  Marauder x2  
  174  13:03  Marine  
  180  13:08  Widow Mine  
  178  13:13  Widow Mine  
  178  13:14  Marine  
  178  13:15  Marine, Marauder  
  178  13:18  Marauder  
  178  13:19  Widow Mine, Marine  
  186  13:21  Marine  
Show
View Real Time Build Order
Export as new Build Order

Serral Zerg 

Build Orders: Hatch First 

Get SALT Encoding   

  12  0:00  Drone  
  13  0:09  Drone  
  14  0:14  Extractor, Drone  
  15  0:35  Hatchery  
  15  0:41  Extractor, Drone  
  15  0:47  Overlord  
  15  1:01  Spawning Pool  
  14  1:05  Drone  
  14  1:09  Drone  
  16  1:12  Drone  
  16  1:16  Drone  
  18  1:27  Drone, Extractor  
  18  1:38  Drone  
  19  1:48  Queen x2  
  19  1:49  Drone x2  
  25  1:59  Overlord  
  25  2:00  Drone  
  26  2:09  Drone  
  26  2:10  Drone  
  28  2:19  Drone  
  28  2:21  Drone  
  30  2:23  Queen  
  30  2:26  Spore Crawler  
  31  2:31  Overlord  
  31  2:32  Drone  
  31  2:34  Metabolic Boost  
  33  2:49  Drone  
  35  2:51  Drone  
  35  2:56  Extractor  
  35  2:57  Drone  
  35  2:58  Drone x3  
  35  2:59  Drone x3  
  42  3:07  Overlord  
  41  3:14  Drone  
  41  3:17  Queen  
  44  3:20  Overlord  
  44  3:22  Hatchery  
  43  3:33  Zergling x14  
  50  3:35  Zergling x4  
  50  3:40  Queen  
  54  3:43  Zergling x2  
  54  3:44  Zergling x2  
  54  3:45  Zergling x2  
  57  3:53  Queen  
  59  3:56  Overlord  
  59  4:01  Drone  
  60  4:09  Overlord  
  60  4:12  Overlord  
  60  4:18  Drone x2  
  60  4:19  Drone x2  
  60  4:20  Drone x2  
  66  4:28  Drone x2  
  65  4:36  Lair, Queen  
  65  4:37  Zergling x8  
  66  4:43  Zergling x2  
  66  4:44  Zergling x2  
  66  4:45  Drone  
  68  4:48  Queen  
  68  4:51  Drone x2  
  70  4:53  Baneling Nest  
  70  4:58  Zergling x2  
  70  5:00  Spore Crawler  
  70  5:02  Extractor, Spore Crawler  
  70  5:03  Zergling x4, Extractor  
  70  5:04  Drone  
  70  5:06  Drone x5, Spore Crawler  
  73  5:10  Drone x3  
  73  5:12  Drone  
  73  5:13  Drone  
  78  5:18  Queen  
  80  5:26  Drone  
  80  5:27  Hatchery  
  80  5:30  Drone x2  
  80  5:33  Overseer  
  80  5:34  Overlord  
  82  5:39  Extractor, Centrifugal Hooks  
  81  5:43  Drone, Evolution Chamber  
  81  5:44  Evolution Chamber  
  81  5:46  Overlord  
  81  5:48  Drone  
  81  5:49  Drone x3  
  82  6:00  Drone  
  82  6:01  Drone x3  
  86  6:08  Drone x3, Hatchery  
  84  6:20  Zerg Melee Weapons Level 1, Zerg Ground Armor Level 1  
  84  6:21  Drone x2  
  84  6:22  Drone  
  84  6:23  Drone x3  
  89  6:27  Zergling x2  
  89  6:28  Zergling x4  
  89  6:29  Zergling x2  
  93  6:33  Zergling x2  
  93  6:35  Zergling x2  
  93  6:36  Zergling x6  
  98  6:44  Overlord x2  
  98  6:46  Baneling x2  
  98  6:47  Baneling x4  
  98  6:51  Overlord  
  98  6:58  Overlord x3  
  98  7:05  Zergling x8  
  98  7:07  Zergling x2  
  103  7:09  Queen x2  
  103  7:10  Hatchery  
  103  7:13  Zergling x6  
  105  7:16  Zergling x8  
  105  7:21  Zergling x8  
  101  7:27  Zergling x2  
  99  7:30  Baneling x4, Queen  
  99  7:33  Zergling x6  
  104  7:38  Zergling x2  
  104  7:40  Overseer  
  104  7:43  Zergling x12  
  111  7:46  Baneling x2  
  111  7:51  Zergling x2  
  111  7:53  Baneling x3, Burrow  
  111  7:54  Baneling x3  
  111  7:57  Baneling x4  
  112  8:00  Drone x2  
  112  8:01  Drone  
  112  8:04  Baneling x2  
  112  8:05  Baneling x6  
  115  8:06  Zergling x2  
  115  8:07  Zergling x16  
  123  8:13  Zergling x14  
  123  8:18  Zergling x2  
  123  8:19  Zergling x4  
  116  8:22  Zerg Melee Weapons Level 2, Zerg Ground Armor Level 2  
  114  8:27  Drone x4  
  114  8:28  Drone x2  
  114  8:29  Baneling x2  
  114  8:31  Pneumatized Carapace  
  120  8:37  Zergling x12  
  120  8:40  Zergling x2  
  120  8:41  Zergling x8  
  123  8:45  Overlord  
  123  8:47  Zergling x8  
  121  8:51  Zergling x2  
  119  8:57  Zergling x12  
  119  8:59  Baneling  
  119  9:00  Baneling x7  
  111  9:03  Zergling x8  
  113  9:10  Queen x2  
  113  9:12  Zergling x8  
  118  9:23  Drone x6  
  122  9:28  Zergling x14  
  122  9:30  Baneling x6  
  128  9:34  Zergling x8  
  128  9:37  Zergling x6  
  135  9:41  Baneling x4  
  135  9:47  Drone x2  
  135  9:52  Zergling x12  
  138  9:54  Baneling x3  
  138  9:56  Zergling x6  
  138  10:03  Zergling x4  
  124  10:08  Zergling x14  
  124  10:10  Zergling x2  
  124  10:13  Zergling x6  
  124  10:15  Baneling x8  
  124  10:20  Zergling x12  
  122  10:24  Drone x2  
  122  10:28  Zergling x2  
  124  10:30  Spore Crawler  
  124  10:31  Baneling x7  
  124  10:32  Overseer  
  124  10:34  Zergling x14  
  130  10:38  Zerg Missile Weapons Level 1  
  130  10:40  Infestation Pit  
  124  10:44  Overseer  
  124  10:45  Zergling x10  
  128  10:54  Zergling x14  
  128  10:55  Zergling x4  
  137  11:00  Zergling x10  
  140  11:08  Zergling x2  
  140  11:09  Zergling x6  
  143  11:14  Baneling x7  
  143  11:16  Hive  
  143  11:18  Zergling x10  
  133  11:21  Zergling x2  
  134  11:27  Overlord x3  
  134  11:29  Overlord  
  132  11:38  Zergling x12  
  133  11:41  Baneling x6  
  133  11:42  Zergling x2, Drone, Baneling  
  133  11:46  Zergling x8  
  122  11:49  Zergling x2  
  122  11:50  Zergling x6  
  122  11:52  Queen x2  
  123  11:56  Zergling x12  
  123  11:59  Hatchery  
  125  12:02  Zergling x12  
  127  12:10  Zergling x4  
  127  12:15  Zergling x12  
  132  12:19  Baneling x6  
  122  12:23  Zergling x2, Queen  
  122  12:25  Zergling x4  
  122  12:28  Queen  
  128  12:33  Zergling x10  
  131  12:42  Zergling x4  
  123  12:48  Zergling x8  
  127  12:54  Zergling x4  
  126  12:58  Queen x2  
  126  12:59  Queen  
  126  13:03  Zergling x4  
  134  13:05  Overseer  
  134  13:06  Baneling  
  134  13:07  Baneling x5  
  118  13:15  Zergling x10  
  118  13:18  Zergling x8  
  99  13:27  Zergling x8  
Tags
 
Add a new tag
Caveats
  • Supply blocks, unpowered buildings, or Contaminate may cause inaccurate times.
  • Supply counts are checked every 10 seconds.